 Dungeon Crawl Stone Soup version 0.31.0-12-g77e489cdc1 (webtiles) character file.

Game seed: 14913174934116477604

1218 Gadfly the Insei (level 8, 0/60 HPs)
             Began as a Demonspawn Monk on Feb 11, 2024.
             Slain by a crocodile (3 damage)
             ... in a sewer.
             The game lasted 00:06:36 (4557 turns).

Gadfly the Insei (Demonspawn Monk)                  Turns: 4557, Time: 00:06:37

Health: 0/60       AC:  4    Str: 14    XL:     8   Next: 22%
Magic:  8/8        EV: 14    Int: 10    God:
Gold:   979        SH:  9    Dex: 16    Spells: 4/7 levels left

rFire   + .          .
                       - Unarmed
rCold   + . .        c - orb {light}
rNeg    . . .        a - +0 robe
rPois   .            (no helmet)
rElec   .            j - scarf of the Arcane {repulsion, Rampage rC+}
rCorr   .            (no gloves)
SInv    .            (no boots)
Will    .....        k - amulet of reflection
Stlth   +            d - ring of protection from fire
HPRegen 0.30/turn    r - +4 ring of slaying
MPRegen 0.11/turn

%: repel missiles, reflection, rampage
@: glowing
A: icy blue scales 1, demonic guardian 1, condensation shield, weakness stinger
1
a: no special abilities


You were in a sewer.
You visited 1 branch of the dungeon, and saw 6 of its levels.
You also visited: Sewer.

You collected 979 gold pieces.

Inventory:

Hand Weapons
 b - a +1 dagger of electrocution
 s - a +3 hand axe
Armour
 a - a +0 robe (worn)
 c - an orb of light (worn)
 j - the scarf of the Arcane (worn) {repulsion, Rampage rC+}
   (You found it on level 2 of the Dungeon)

   rC+:       It protects you from cold.
   Rampage:   It bestows one free step when moving towards enemies.
Jewellery
 d - a ring of protection from fire (left hand)
 f - a ring of flight
 k - an amulet of reflection (around neck)
 r - a +4 ring of slaying (right hand)
 t - a ring of positive energy
 v - a ring of resist corrosion
 x - a ring of positive energy
Talismans
 h - a blade talisman
 o - a flux talisman
Wands
 e - a wand of flame (13) (quivered)
Scrolls
 i - 3 scrolls of enchant armour
 p - 2 scrolls of fear
 w - a scroll of vulnerability
 y - a scroll of blinking
Potions
 g - a potion of berserk rage
 l - a potion of cancellation
 m - a potion of haste
 n - a potion of ambrosia
 q - a potion of lignification
 u - 3 potions of curing
 z - a potion of mutation {unknown}
 B - a potion of heal wounds {unknown}
 C - a potion of attraction {unknown}


   Skills:
 * Level 3.7 Fighting
 * Level 4.5 Dodging
 * Level 5.4 Unarmed Combat
 + Level 4.6 Evocations
 * Level 4.0 Shapeshifting


You had 4 spell levels left.
You knew the following spells:

 Your Spells              Type           Power      Damage    Failure   Level
a - Ozocubu's Armour      Ice            0%         N/A       75%         3

Your spell library contained the following spells:

 Spells                   Type           Power      Damage    Failure   Level
 Summon Ice Beast         Ice/Summ       0%         N/A       75%         3
 Metabolic Englaciation   Hex/Ice        0%         N/A       100%        5
 Summon Mana Viper        Hex/Summ       0%         N/A       100%        5
 Sculpt Simulacrum        Ice/Alch       0%         N/A       100%        6
 Monstrous Menagerie      Summ           0%         N/A       100%        7


Dungeon Overview and Level Annotations

Branches:
Dungeon (6/15)              Sewer (1/1)
 Temple: D:4-7

Altars:
Dithmenos
Qazlal
Sif Muna
Yredelemnul


Innate Abilities, Weirdness & Mutations

You are partially covered in icy blue scales. (AC +2)
A weak demonic guardian rushes to your aid.
A meltable shield of frost defends you. (SH +4)
You have a small tail.


Message History

The crocodile bites you! The crocodile drags you backwards!
The puff of flame hits the crocodile!
The crocodile is moderately wounded.
The crocodile completely misses you.
You hit the crocodile.
The crocodile is heavily wounded.
The crocodile bites you! The crocodile drags you backwards!
You hit the crocodile.
The crocodile is severely wounded.
The crocodile bites you! The crocodile drags you backwards!
You hit the crocodile.
The crocodile is almost dead.
The crocodile bites you. The crocodile drags you backwards!
You are too injured to fight recklessly!
You are too injured to fight recklessly!
You are too injured to fight recklessly!
Unknown command.
You hit the crocodile but do no damage.
The crocodile is almost dead.
The crocodile bites you but does no damage.
The crocodile barely misses you.
The crocodile attacks as it pursues you!
The crocodile bites you!
* * * LOW HITPOINT WARNING * * *
A demonic guardian appears!
You hit the crocodile but do no damage.
The crocodile is almost dead.
The crocodile bites you!
* * * LOW HITPOINT WARNING * * *
Unknown command.
Okay, then.
Okay, then.
Aiming: Throw Flame
Press: ? - help, Shift-Dir - straight line, f/p - crocodile
Aim: a crocodile (almost dead, ally target, haloed, 77% to hit)
The puff of flame misses the crocodile.
Your demonic guardian avoids your attack.
Your white imp barely misses the crocodile.
The crocodile bites you.
You die...

∩∩.≈≈≈≈≈.............#
#...≈≈≈...#######.####
##...≈...## #.#
##.....## #!# #######
###.### ##.....##
#.......# #.......#
#..@....# #..l....#
#..5?$..# ##$?)?$##
#######


You could see a crocodile (ally target) and a friendly white imp (summoned).

Vanquished Creatures
  Prince Ribbit (D:5)
  A black bear (D:5)
  A sky beast (D:6)
  2 ogres (D:5)
  A kobold brigand (D:6)
  A brain worm (Sewer)
  3 scorpions
  A bombardier beetle (D:5)
  3 iguanas
  2 orc wizards
  3 gnolls
  5 adders
  A shadow imp (D:5)
  A white imp (D:5)
  4 dart slugs
  5 ribbon worms
  16 orcs
  4 endoplasms
  10 goblins
  11 hobgoblins
  13 kobolds
  3 quokkas
  6 ball pythons
  8 bats
  3 frilled lizards
  3 rats
112 creatures vanquished.

Notes
Turn   | Place    | Note
-------+----------+-------------------------------------------
     0 | D:1      | Gadfly the Demonspawn Monk began the quest for the Orb.
     0 | D:1      | Reached XP level 1. HP: 18/18 MP: 1/1
   223 | D:1      | Gained mutation: A weak demonic guardian rushes to your
                  | aid. [demonic ancestry]
   223 | D:1      | Reached XP level 2. HP: 24/24 MP: 2/2
   454 | D:1      | Reached skill level 1 in Evocations
   522 | D:1      | Reached skill level 3 in Unarmed Combat
   782 | D:2      | Gained mutation: A meltable shield of frost defends you.
                  | (SH +4) [demonic ancestry]
   782 | D:2      | Reached XP level 3. HP: 23/29 MP: 3/3
   897 | D:2      | Reached skill level 1 in Shapeshifting
  1012 | D:2      | Identified the scarf of the Arcane {repulsion, Rampage rC+}
  1663 | D:3      | Found a basalt altar of Yredelemnul.
  1833 | D:3      | Found a shimmering blue altar of Sif Muna.
  1923 | D:3      | Identified a scroll of acquirement
  1923 | D:3      | Acquired 747 gold pieces
  1940 | D:4      | Reached XP level 4. HP: 35/35 MP: 4/4
  2427 | D:4      | Reached XP level 5. HP: 41/41 MP: 5/5
  2874 | D:4      | Learned a level 3 spell: Ozocubu's Armour
  2899 | D:5      | Entered Level 5 of the Dungeon
  2901 | D:5      | Noticed a black bear
  3005 | D:5      | Killed a black bear
  3058 | D:5      | HP: 1/41 [poisoned by a scorpion]
  3067 | D:5      | Reached skill level 4 in Unarmed Combat
  3067 | D:5      | Gained mutation: You have a small tail. [demonic ancestry]
  3067 | D:5      | Reached XP level 6. HP: 6/47 MP: 6/6
  3296 | D:5      | Found a shadowy altar of Dithmenos.
  3775 | D:5      | Noticed Prince Ribbit
  3785 | D:5      | Killed Prince Ribbit
  3786 | D:5      | Gained mutation: You are partially covered in icy blue
                  | scales. (AC +2) [demonic ancestry]
  3786 | D:5      | Reached XP level 7. HP: 23/52 MP: 7/7
  4070 | D:5      | Reached skill level 5 in Unarmed Combat
  4315 | D:6      | Found a stormy altar of Qazlal.
  4323 | D:6      | Reached XP level 8. HP: 41/58 MP: 8/8
  4470 | D:6      | Found a glowing drain.
  4477 | Sewer    | Entered a sewer
  4556 | Sewer    | HP: 3/60 [crocodile (13)]
  4557 | Sewer    | Slain by a crocodile

Illustrated notes

Levels and vault maps discovered:
D:1:      minmay_arrival_plants_in_alcoves, layout_loops_ring
D:2:      layout_basic, basic_altar, serial_shops, nicolae_shop_hallway_plus,
          uniq_natasha
D:3:      layout_basic, nicolae_overflow_hidden_temple,
          overflow_temple_1_default
D:4:      corexii_shantytown, layout_basic
D:5:      layout_basic, nicolae_dithmenos_shadow_blocks, uniq_prince_ribbit1
D:6:      layout_basic, minitemple, nicolae_qazlal_beasts_of_the_sky,
          lightli_sewer_entry_pipes
Sewer:    sewer_big_baddie

Skill      XL: |  1  2  3  4  5  6  7  8 |
---------------+-------------------------+-----
Evocations     | 1 2 3 4 |  4.6
Unarmed Combat | 3 4 5 |  5.4
Shapeshifting  | 1 2 3 4 |  4.0
Dodging        | 3 4 |  4.5
Fighting       | |  3.7

Action                     |  1- 3 |  4- 6 |  7- 9 || total
---------------------------+-------+-------+-------++-------
  Melee: Unarmed           |   131 |    18 |    73 ||   222
         Dagger            |       |    89 |     6 ||    95
         Tailslap          |       |     4 |    18 ||    22
  Evoke: Wand              |       |     6 |     2 ||     8
    Use: Scroll            |     9 |     5 |     2 ||    16
         Potion            |     2 |     3 |     1 ||     6
 Armour: Robe              |    49 |    53 |    39 ||   141
  Dodge: Dodged            |    78 |    55 |    33 ||   166
         Repelled          |     1 |       |     1 ||     2
